[ AOE2 MATCH · #505618463 ]
UnrankedSaracens vs Cumans
Player's team · LOSS
Rival team · WIN
[ REPLAY ANALYSIS · EXTRACTED FROM THE RECORDED GAME ]
Feudal
8:50
Castle
26:05
Imperial
—
| APM avg | 40.2 |
| APM peak | 68 |
| eAPM avg | 22.9 |
| Villagers / military | 69 / 54 |
Focus
⚔️ 44.2% · 🌾 55.8%
Archer ×19 · Camel Scout ×11 · Knight ×6 · Militia ×6 · Scout Cavalry ×5 · Mangonel ×4
Feudal
9:17
Castle
27:54
Imperial
—
| APM avg | 80.1 |
| APM peak | 122 |
| eAPM avg | 45.7 |
| Villagers / military | 118 / 60 |
Focus
⚔️ 52.4% · 🌾 47.6%
Camel Scout ×23 · Skirmisher ×16 · Knight ×13 · Militia ×8
Match map
Initial resources + every placement click. Lines = walls · curves = elevation contours. ◆ gold · ⬟ stone · ● berries · ✦ relic · ◌ wall gap
Your base· Open — 9t gap
Aaag Boy 1's base· Open — 1t gap
Smoothed initial terrain · ◌ = detected wall gap · hover for details
Inputs per minute
— DanMT - - Aaag Boy 1
Build order — DanMT
First 150 of 239 actions detected
| 0:00 | Create | Villager (Male) |
| 0:01 | Build | House |
| 0:03 | Build | House |
| 0:07 | Create | Villager (Male) |
| 0:07 | Create | Villager (Male) |
| 0:07 | Create | Villager (Male) |
| 0:07 | Create | Villager (Male) |
| 1:31 | Create | Villager (Male) |
| 1:52 | Create | Villager (Male) |
| 1:55 | Build | Lumber Camp |
| 2:25 | Create | Villager (Male) |
| 2:37 | Create | Villager (Male) |
| 3:01 | Create | Villager (Male) |
| 3:24 | Build | House |
| 3:38 | Create | Villager (Male) |
| 4:05 | Create | Villager (Male) |
| 4:19 | Create | Villager (Male) |
| 4:46 | Create | Villager (Male) |
| 4:47 | Create | Villager (Male) |
| 4:58 | Build | Barracks |
| 5:46 | Create | Villager (Male) |
| 5:55 | Build | House |
| 6:00 | Research | Loom |
| 6:28 | Build | House |
| 6:38 | Research | Feudal Age |
| 6:58 | Create | Militia |
| 7:13 | Create | Militia |
| 7:15 | Build | Mining Camp |
| 7:57 | Create | Militia |
| 8:20 | Create | Villager (Male) |
| 8:50 | Age | Feudal Age |
| 8:53 | Research | Man-at-Arms (upgrade) |
| 9:01 | Build | Watch Tower |
| 9:11 | Create | Villager (Male) |
| 9:26 | Create | Villager (Male) |
| 9:29 | Build | Mill |
| 9:46 | Create | Villager (Male) |
| 10:27 | Create | Villager (Male) |
| 10:38 | Build | Archery Range |
| 10:42 | Create | Villager (Male) |
| 11:07 | Build | Mining Camp |
| 11:11 | Create | Villager (Male) |
| 11:15 | Create | Militia |
| 11:26 | Build | House |
| 11:27 | Create | Archer |
| 11:42 | Build | House |
| 11:44 | Build | House |
| 11:47 | Build | Palisade Wall |
| 11:48 | Build | Palisade Wall |
| 11:54 | Create | Archer |
| 11:55 | Create | Villager (Male) |
| 12:22 | Create | Villager (Male) |
| 12:37 | Create | Archer |
| 12:49 | Build | Market |
| 12:51 | Create | Archer |
| 13:01 | Create | Archer |
| 13:01 | Create | Villager (Male) |
| 13:11 | Build | Blacksmith |
| 13:46 | Create | Villager (Male) |
| 13:48 | Research | Fletching |
| 14:05 | Build | Watch Tower |
| 14:06 | Build | Palisade Wall |
| 14:07 | Build | Palisade Wall |
| 14:07 | Build | Palisade Wall |
| 14:07 | Build | Palisade Wall |
| 14:08 | Build | Palisade Wall |
| 14:08 | Build | Palisade Wall |
| 14:09 | Build | Palisade Wall |
| 14:20 | Create | Villager (Male) |
| 14:21 | Create | Archer |
| 14:36 | Create | Villager (Male) |
| 14:37 | Build | Farm |
| 14:38 | Build | Farm |
| 14:59 | Create | Archer |
| 15:09 | Create | Villager (Male) |
| 15:27 | Build | House |
| 15:30 | Create | Villager (Male) |
| 15:46 | Create | Militia |
| 15:57 | Build | Watch Tower |
| 16:13 | Create | Villager (Male) |
| 16:32 | Create | Archer |
| 16:33 | Create | Militia |
| 17:05 | Create | Villager (Male) |
| 17:07 | Build | Watch Tower |
| 17:08 | Create | Archer |
| 17:11 | Create | Villager (Male) |
| 17:13 | Build | Farm |
| 17:14 | Build | Farm |
| 17:15 | Build | Farm |
| 17:16 | Build | Farm |
| 17:18 | Create | Villager (Male) |
| 17:38 | Build | House |
| 17:38 | Create | Villager (Male) |
| 18:00 | Build | Watch Tower |
| 18:06 | Create | Archer |
| 18:09 | Create | Villager (Male) |
| 18:14 | Create | Skirmisher |
| 18:32 | Build | Farm |
| 18:34 | Create | Villager (Male) |
| 18:36 | Build | House |
| 18:39 | Build | Farm |
| 18:53 | Create | Villager (Male) |
| 18:55 | Create | Archer |
| 19:03 | Build | Palisade Wall |
| 19:05 | Build | Palisade Wall |
| 19:05 | Build | Palisade Wall |
| 19:07 | Build | Palisade Wall |
| 19:08 | Create | Villager (Male) |
| 19:26 | Create | Villager (Male) |
| 19:29 | Build | Farm |
| 19:31 | Build | Farm |
| 19:35 | Create | Villager (Male) |
| 19:43 | Create | Archer |
| 19:52 | Build | Watch Tower |
| 20:14 | Create | Archer |
| 20:23 | Build | Farm |
| 20:24 | Create | Villager (Male) |
| 20:25 | Build | House |
| 20:26 | Build | House |
| 20:42 | Build | Palisade Wall |
| 20:43 | Build | Palisade Wall |
| 20:43 | Build | Palisade Wall |
| 20:43 | Build | Palisade Wall |
| 20:44 | Build | Palisade Wall |
| 20:44 | Build | Palisade Wall |
| 20:57 | Build | Stable |
| 20:59 | Create | Villager (Male) |
| 21:02 | Create | Archer |
| 21:23 | Create | Scout Cavalry |
| 21:24 | Create | Scout Cavalry |
| 21:25 | Research | Double-Bit Axe |
| 21:31 | Research | Horse Collar |
| 21:32 | Create | Villager (Male) |
| 21:43 | Build | Watch Tower |
| 21:46 | Create | Villager (Male) |
| 21:52 | Create | Villager (Male) |
| 22:04 | Create | Archer |
| 22:07 | Build | Mining Camp |
| 22:19 | Build | Outpost |
| 22:23 | Research | Town Watch |
| 22:34 | Create | Villager (Male) |
| 22:36 | Research | Town Watch |
| 22:48 | Build | Watch Tower |
| 22:54 | Create | Villager (Male) |
| 22:57 | Create | Archer |
| 23:02 | Build | Mining Camp |
| 23:25 | Research | Castle Age |
| 23:39 | Create | Archer |
| 24:07 | Research | Bloodlines |
| 24:10 | Build | Stable |
Build order — Aaag Boy 1
First 150 of 282 actions detected
| 0:01 | Create | Villager (Male) |
| 0:01 | Create | Villager (Male) |
| 0:04 | Build | House |
| 0:06 | Build | House |
| 0:08 | Build | House |
| 0:12 | Create | Villager (Male) |
| 0:12 | Create | Villager (Male) |
| 1:24 | Create | Villager (Male) |
| 1:24 | Create | Villager (Male) |
| 1:49 | Create | Villager (Male) |
| 1:49 | Create | Villager (Male) |
| 1:49 | Create | Villager (Male) |
| 1:57 | Build | Lumber Camp |
| 2:24 | Create | Villager (Male) |
| 2:24 | Create | Villager (Male) |
| 2:53 | Create | Villager (Male) |
| 2:53 | Create | Villager (Male) |
| 3:03 | Create | Villager (Male) |
| 3:04 | Create | Villager (Male) |
| 3:26 | Create | Villager (Male) |
| 3:52 | Build | House |
| 3:54 | Create | Villager (Male) |
| 3:54 | Create | Villager (Male) |
| 4:21 | Create | Villager (Male) |
| 4:39 | Create | Villager (Male) |
| 5:11 | Create | Villager (Male) |
| 5:14 | Build | Barracks |
| 5:31 | Create | Villager (Male) |
| 5:38 | Build | House |
| 6:07 | Create | Villager (Male) |
| 6:41 | Research | Loom |
| 6:41 | Research | Loom |
| 6:59 | Build | Mining Camp |
| 7:07 | Research | Feudal Age |
| 7:07 | Research | Feudal Age |
| 7:17 | Create | Militia |
| 7:17 | Create | Militia |
| 8:12 | Create | Militia |
| 8:13 | Create | Militia |
| 8:18 | Build | House |
| 9:12 | Build | Palisade Wall |
| 9:13 | Build | Palisade Wall |
| 9:17 | Age | Feudal Age |
| 9:21 | Research | Man-at-Arms (upgrade) |
| 9:21 | Research | Man-at-Arms (upgrade) |
| 9:23 | Create | Villager (Male) |
| 9:23 | Create | Villager (Male) |
| 10:21 | Create | Villager (Male) |
| 10:27 | Create | Villager (Male) |
| 10:28 | Create | Villager (Male) |
| 10:28 | Create | Villager (Male) |
| 10:37 | Build | Town Center |
| 10:40 | Create | Militia |
| 10:40 | Create | Militia |
| 10:45 | Create | Militia |
| 10:45 | Create | Militia |
| 10:59 | Create | Villager (Male) |
| 11:33 | Create | Villager (Male) |
| 11:34 | Create | Villager (Male) |
| 11:57 | Create | Villager (Male) |
| 12:04 | Build | Mill |
| 12:23 | Create | Villager (Male) |
| 12:34 | Create | Villager (Male) |
| 12:35 | Create | Villager (Male) |
| 12:38 | Build | Archery Range |
| 12:52 | Create | Villager (Male) |
| 12:52 | Create | Villager (Male) |
| 12:57 | Create | Villager (Male) |
| 12:57 | Create | Villager (Male) |
| 12:58 | Build | Farm |
| 13:00 | Build | Farm |
| 13:05 | Create | Villager (Male) |
| 13:05 | Create | Villager (Male) |
| 13:17 | Create | Villager (Male) |
| 13:17 | Create | Villager (Male) |
| 13:28 | Build | Farm |
| 13:39 | Create | Skirmisher |
| 13:39 | Create | Skirmisher |
| 13:48 | Create | Villager (Male) |
| 13:48 | Create | Villager (Male) |
| 13:48 | Create | Villager (Male) |
| 13:55 | Build | Farm |
| 14:19 | Build | Farm |
| 14:20 | Create | Villager (Male) |
| 14:24 | Build | House |
| 14:29 | Create | Villager (Male) |
| 14:29 | Create | Villager (Male) |
| 14:29 | Create | Villager (Male) |
| 14:31 | Build | House |
| 14:34 | Create | Villager (Male) |
| 14:34 | Create | Villager (Male) |
| 14:34 | Create | Villager (Male) |
| 14:58 | Create | Villager (Male) |
| 14:59 | Create | Skirmisher |
| 14:59 | Create | Skirmisher |
| 15:08 | Build | Farm |
| 15:13 | Create | Villager (Male) |
| 15:13 | Create | Villager (Male) |
| 15:33 | Create | Villager (Male) |
| 15:33 | Create | Villager (Male) |
| 15:33 | Create | Villager (Male) |
| 15:35 | Create | Villager (Male) |
| 15:35 | Create | Villager (Male) |
| 15:35 | Create | Villager (Male) |
| 15:40 | Build | Farm |
| 15:57 | Create | Villager (Male) |
| 15:58 | Create | Villager (Male) |
| 15:59 | Build | Farm |
| 16:27 | Create | Skirmisher |
| 16:43 | Create | Villager (Male) |
| 16:47 | Build | Blacksmith |
| 16:57 | Create | Villager (Male) |
| 16:58 | Build | Farm |
| 17:14 | Create | Villager (Male) |
| 17:14 | Create | Villager (Male) |
| 17:16 | Create | Skirmisher |
| 17:26 | Create | Villager (Male) |
| 17:41 | Create | Villager (Male) |
| 17:43 | Create | Villager (Male) |
| 17:45 | Build | Farm |
| 17:46 | Build | Farm |
| 18:02 | Create | Villager (Male) |
| 18:16 | Create | Villager (Male) |
| 18:21 | Research | Fletching |
| 18:24 | Create | Skirmisher |
| 18:28 | Build | Farm |
| 18:28 | Build | Farm |
| 18:29 | Create | Villager (Male) |
| 18:42 | Create | Villager (Male) |
| 18:45 | Build | House |
| 18:45 | Build | House |
| 18:50 | Create | Skirmisher |
| 19:04 | Build | Watch Tower |
| 19:11 | Create | Skirmisher |
| 19:16 | Create | Villager (Male) |
| 19:16 | Create | Villager (Male) |
| 19:19 | Create | Villager (Male) |
| 19:19 | Create | Villager (Male) |
| 19:22 | Build | Farm |
| 19:39 | Create | Skirmisher |
| 19:42 | Create | Villager (Male) |
| 20:03 | Create | Villager (Male) |
| 20:05 | Build | Farm |
| 20:06 | Build | Farm |
| 20:16 | Create | Villager (Male) |
| 20:33 | Build | Lumber Camp |
| 20:37 | Create | Villager (Male) |
| 20:48 | Create | Villager (Male) |
| 20:49 | Create | Villager (Male) |
| 20:54 | Build | House |
Match timeline
| 4:58 | DanMT · first_building Barracks |
| 5:14 | Aaag Boy 1 · first_building Barracks |
| 8:50 | DanMT · age_up feudal |
| 9:12 | Aaag Boy 1 · wall_segment Palisade Wall x1 |
| 9:13 | Aaag Boy 1 · wall_segment Palisade Wall x1 |
| 9:17 | Aaag Boy 1 · age_up feudal |
| 10:38 | DanMT · first_building Archery Range |
| 11:47 | DanMT · wall_segment Palisade Wall x1 |
| 11:48 | DanMT · wall_segment Palisade Wall x1 |
| 12:38 | Aaag Boy 1 · first_building Archery Range |
| 13:45 | DanMT · first_market_buy 100 food |
| 14:06 | DanMT · wall_segment Palisade Wall x1 |
| 14:07 | DanMT · wall_segment Palisade Wall x1 |
| 14:07 | DanMT · wall_segment Palisade Wall x1 |
| 14:07 | DanMT · wall_segment Palisade Wall x1 |
| 14:08 | DanMT · wall_segment Palisade Wall x1 |
| 14:08 | DanMT · wall_segment Palisade Wall x1 |
| 14:09 | DanMT · wall_segment Palisade Wall x1 |
| 15:45 | DanMT · first_market_sell 100 wood |
| 19:03 | DanMT · wall_segment Palisade Wall x3 |
| 19:05 | DanMT · wall_segment Palisade Wall x1 |
| 19:05 | DanMT · wall_segment Palisade Wall x1 |
| 19:07 | DanMT · wall_segment Palisade Wall x3 |
| 20:42 | DanMT · wall_segment Palisade Wall x3 |
| 20:43 | DanMT · wall_segment Palisade Wall x1 |
| 20:43 | DanMT · wall_segment Palisade Wall x1 |
| 20:43 | DanMT · wall_segment Palisade Wall x1 |
| 20:44 | DanMT · wall_segment Palisade Wall x1 |
| 20:44 | DanMT · wall_segment Palisade Wall x1 |
| 20:57 | DanMT · first_building Stable |
| 24:37 | Aaag Boy 1 · first_market_sell 100 stone |
| 24:38 | Aaag Boy 1 · first_market_buy 100 food |
| 25:25 | Aaag Boy 1 · first_building Stable |
| 26:05 | DanMT · age_up castle |
| 26:24 | DanMT · first_building Siege Workshop |
| 27:54 | Aaag Boy 1 · age_up castle |
| 27:58 | Aaag Boy 1 · wall_segment Palisade Wall x1 |
| 28:01 | Aaag Boy 1 · wall_segment Palisade Wall x1 |
| 29:38 | DanMT · first_building Monastery |
| 30:02 | DanMT · wall_segment Stone Wall x1 |
| 30:03 | DanMT · wall_segment Stone Wall x1 |
| 30:07 | DanMT · wall_segment Stone Wall x1 |
| 30:29 | Aaag Boy 1 · wall_segment Palisade Wall x1 |
| 30:52 | DanMT · wall_segment Stone Wall x2 |
| 31:14 | DanMT · wall_segment Stone Wall x1 |
| 31:18 | DanMT · wall_segment Stone Wall x1 |
| 32:40 | DanMT · wall_segment Stone Wall x1 |
| 32:47 | DanMT · wall_segment Stone Wall x1 |
| 33:36 | DanMT · resign |
[ AI ANALYSIS · 1 CREDIT ]
What really happened in this match?
Wolo.gg analyzes every decision: build order, eco, micro, common mistakes by bracket. Personalized analysis on WhatsApp or Discord in 30 seconds.
Civ guide
Saracens
Perfil
DanMT